 Dungeon Crawl Stone Soup version 0.28.0-43-g3370ac3207 (webtiles) character file.

Game seed: 15680410207238895176

79 graymark the Skirmisher (level 4, -3/43 HPs)
             Began as a Naga Berserker on Mar 1, 2022.
             Was a Believer of Trog.
             Slain by a gnoll
             ... wielding a +0 war axe
              (14 damage)
             ... on level 2 of the Dungeon.
             The game lasted 00:03:41 (2774 turns).

graymark the Skirmisher (Naga Berserker)            Turns: 2774, Time: 00:03:42

Health: -3/43      AC:  3    Str: 21    XL:     4   Next: 37%
Magic:  4/4        EV: 10    Int:  7    God:    Trog [**....]
Gold:   92         SH:  0    Dex: 11    Spells: 3/3 levels left

rFire   . . .      SeeInvis +   a - +0 hand axe
rCold   . . .      Faith    .   (no shield)
rNeg    . . .      Spirit   .   b - +0 animal skin
rPois   +          Reflect  .   h - +0 helmet
rElec   .          Harm     .   (no cloak)
rCorr   .          Rampage  .   (no gloves)
Will    .....                   (no barding)
Stlth   +.........              (no amulet)
HPRegen 0.14/turn               (no ring)
MPRegen 0.09/turn               (no ring)

@: short of breath, very slow
A: AC +1, large, see invisible, deformed body, poison resistance, slowness 2,
spit poison 1, naga tail 1
a: Spit Poison, Renounce Religion, Berserk, Trog's Hand


You were on level 2 of the Dungeon.
You worshipped Trog.
Trog was pleased with you.
You visited 1 branch of the dungeon, and saw 3 of its levels.

You collected 92 gold pieces.

Inventory:

Hand Weapons
 a - a +0 hand axe (weapon)
Armour
 b - a +0 animal skin (worn)
 h - a +0 helmet (worn)
Scrolls
 c - a scroll of vulnerability {unknown}
 d - a scroll of noise {unknown}
 f - a scroll of blinking {unknown}
 g - 2 scrolls of identify
 k - a scroll of fog {unknown}
Potions
 e - a potion of curing
 i - a potion of ambrosia {unknown}
 j - a potion of might {unknown}


   Skills:
 + Level 3.6 Fighting
 + Level 3.6 Axes
 + Level 2.2 Armour
 + Level 2.2 Dodging


You had 3 spell levels left.
You didn't know any spells.
Your spell library was empty.

Dungeon Overview and Level Annotations

Branches:
Dungeon (3/15)

Altars:
Xom


Innate Abilities, Weirdness & Mutations

Your serpentine skin is tough. (AC +1)
You have supernaturally acute eyesight. (SInv)
Armour fits poorly on your strangely shaped body.
Your system is resistant to poisons. (rPois)
You cover ground very slowly.
You can spit poison.
You have a snake-like lower body.


Message History

The slug dart hits you but does no damage.
Things that are here:
a +0 falchion; a +3 scale mail; an orc corpse
Aiming: Spit Poison (1% risk of failure)
Press: ? - help, Shift-Dir - straight line, f - gnoll
Aim: a gnoll, wielding a +0 flail (65% to hit)
The splash of poison hits the gnoll.
The gnoll is poisoned.
The gnoll is lightly wounded.
You have got your breath back.
The gnoll shouts!
The gnoll completely misses you.
The gnoll looks more healthy.
The gnoll closely misses you.
You closely miss the gnoll.
The gnoll is severely wounded.
The gnoll barely misses you.
Aiming: Spit Poison (1% risk of failure)
Press: ? - help, Shift-Dir - straight line, f/p - gnoll
Aim: a gnoll, wielding a +0 flail (severely wounded, 65% to hit)
The splash of poison hits the gnoll!
The gnoll is poisoned.
You kill the gnoll!
Trog accepts your kill.
There is a stone staircase leading down here.
You have got your breath back.
The gnoll hits you with a +0 war axe! The gnoll barely misses you.
The gnoll hits you with a +0 war axe!
The gnoll hits you from afar with a +0 halberd!
The gnoll hits you with a +0 war axe.
The gnoll hits you from afar with a +0 halberd.
* * * LOW HITPOINT WARNING * * *
There is a stone staircase leading up here.
The gnoll closely misses you. x2
You climb upwards.
There is a stone staircase leading down here.
Aiming: Spit Poison (1% risk of failure)
Press: ? - help, Shift-Dir - straight line, f - gnoll
Aim: a gnoll, wielding a +0 war axe (65% to hit)
The splash of poison misses the gnoll.
The gnoll hits you with a +0 war axe!
You die...

#.......#.######........###.....
#.#######......'........'.+.....
#.........######........###.....
#########.# #........# ######
#.# #........# #.# #........#
###### #.# #........# #....# #.#
############ #....# #.#
#@.........# ##....###.###
#g########.####### #...).'.....#
#.................
#.....#########.....#####.######
#.##### ##...'.....# #..# #.#
#....#)....# ##.## #.######
#....#.....# #..# ## #......#
#....#.....# ##.###. ######.#
#....#.....# #..##.


You could see a gnoll.

Vanquished Creatures
  A gnoll (D:3)
  An adder (D:3)
  A worm (D:2)
  3 dart slugs
  3 orcs (D:3)
  6 bats
  6 endoplasms
  3 giant cockroaches
  2 goblins (D:1)
  3 hobgoblins
  A quokka (D:2)
  5 ball pythons
  4 frilled lizards
  4 kobolds
  4 rats
47 creatures vanquished.

Notes
Turn   | Place    | Note
-------+----------+-------------------------------------------
     0 | D:1      | graymark the Naga Berserker began the quest for the Orb.
     0 | D:1      | Reached XP level 1. HP: 21/21 MP: 1/1
   520 | D:1      | Reached XP level 2. HP: 18/28 MP: 2/2
  1471 | D:1      | Reached XP level 3. HP: 30/34 MP: 3/3
  1929 | D:2      | Found a shimmering altar of Xom.
  2629 | D:2      | Reached XP level 4. HP: 40/42 MP: 4/4
  2631 | D:2      | Reached ** piety under Trog
  2774 | D:2      | Slain by a gnoll

Illustrated notes

Levels and vault maps discovered:
D:1:      minmay_arrival_hallway, layout_basic
D:2:      layout_basic, basic_altar, minmay_misc_feat_secret_circle
D:3:      minmay_chambers_of_threes, layout_basic, minmay_misc_feat_diagonals,
          uniq_terence, uniq_natasha

Skill      XL: |  1  2  3 |
---------------+----------+-----
Armour         | 2 |  2.2
Dodging        | 2 |  2.2
Fighting       | |  3.6
Axes           | |  3.6

Action                   |  1- 3 |  4- 6 || total
-------------------------+-------+-------++-------
Melee: Hand axe          |   150 |    16 ||   166
Invok: Berserk           |     1 |     1 ||     2
 Abil: Spit Poison       |     1 |     3 ||     4
  Use: Scroll            |     1 |       ||     1
 Stab: Sleeping          |     1 |       ||     1
Armor: Animal skin       |    46 |     3 ||    49
Dodge: Dodged            |    79 |    13 ||    92
